 Dungeon Sprint DCSS version 0.26.1-11-gd32895ea62 (webtiles) character file.

Game seed: 4824886673688405582

8868 Zeld the Earth Mage (level 11, 0/100 (103) HPs)
             Began as a Gargoyle Earth Elementalist on June 9, 2021.
             Was the Champion of Sif Muna.
             Slain by a lich (4 damage)
             ... in the Dungeon (Sprint V: "Ziggurat Sprint").
             The game lasted 00:09:30 (3811 turns).

Zeld the Earth Mage (Gargoyle Earth Elementalist)   Turns: 3811, Time: 00:09:31

HP:   0/100 (103)   AC: 18    Str: 12    XL:     11   Next: 37%
MP:   18/26         EV: 17    Int: 25    God:    Sif Muna [******]
Gold: 0             SH:  0    Dex: 10    Spells: 17/32 levels left

rFire    . . .     SeeInvis +   (no weapon)
rCold    . . .     Faith    .   (no shield)
rNeg     + . .     Spirit   .   H - +5 robe of Night {Dark Will+ SInv}
rPois    ∞         Reflect  .   (no helmet)
rElec    +         Harm     .   C - +2 cloak {Will+}
rCorr    .         Rampage  .   (no gloves)
Will     ++...     NoTele   +   (no boots)
Stlth    ..........             B - amulet of Vitality {Regen+ HP+15}
HPRegen  0.66/turn              l - +6 ring of intelligence
MPRegen  0.20/turn              (no ring)

@: berserking (expiring), slowed, lightly drained
A: negative energy resistance 1, electricity resistance, unbreathing,
petrification resistance, miasma immunity, AC +8
a: Renounce Religion, Channel Magic, Forget Spell, Divine Exegesis


You were in the Dungeon.
You worshipped Sif Muna.
Sif Muna was exalted by your worship.
You visited 1 branch

Inventory:

Missiles
 b - 15 stones
Armour
 C - a +2 cloak of willpower (worn)
 H - the +5 robe of Night (worn) {Dark Will+ SInv}
   (You found it in the Dungeon)

   It affects your willpower, your defense against some magical effects.
   It lets you see invisible.
Jewellery
 l - a +6 ring of intelligence (left hand)
 B - the amulet of Vitality (around neck) {Regen+ HP+15}
   (You found it in the Dungeon)

   [amulet of regeneration]

   It affects your health (+15).
   It increases your rate of regeneration.
Wands
 t - a wand of disintegration (7)
 u - a wand of iceblast (7)
 v - a wand of acid (7)
Scrolls
 i - 2 scrolls of blinking
 n - 4 scrolls of amnesia
 o - 7 scrolls of fog
 p - 2 scrolls of holy word
 q - 4 scrolls of identify
 r - 5 scrolls of remove curse
 s - 2 scrolls of fear
 A - 2 scrolls of brand weapon
Potions
 a - 2 potions of brilliance
 d - 11 potions of curing
 e - 6 potions of heal wounds
 f - 10 potions of haste
 g - 7 potions of magic
 h - 2 potions of berserk rage
 j - 2 potions of invisibility
 k - 4 potions of resistance
 m - 5 potions of might
Miscellaneous
 c - a phantom mirror (inert)
 w - a condenser vane
 y - a box of beasts
 z - a lightning rod (3/4)
 D - a tin of tremorstones (2/2)


   Skills:
 + Level 10.3 Dodging
 - Level 2.1 Stealth
 + Level 11.3 Spellcasting
 - Level 0.7 Transmutations
 * Level 18.9 Earth Magic
 * Level 14.5 Invocations


You had 17 spell levels left.
You knew the following spells:

 Your Spells              Type           Power        Failure   Level
a - Sandblast             Erth           100%         0%          1
b - Passwall              Tmut/Erth      48%          1%          2
c - Stone Arrow           Conj/Erth      100%         1%          3
d - Petrify               Tmut/Erth      58%          1%          4
e - Lee's Rapid Deconstr  Erth           41%          1%          5

Your spell library contained the following spells:

 Spells                   Type           Power        Failure   Level
 Leda's Liquefaction      Hex/Erth       28%          1%          4
 Borgnjor's Vile Clutch   Necr/Erth      28%          2%          5
 Beastly Appendage        Tmut           34%          3%          1
 Sting                    Tmut/Pois      60%          3%          1
 Animate Skeleton         Necr           28%          4%          1
 Apportation              Tloc           28%          4%          1
 Corona                   Hex            15%          4%          1
 Foxfire                  Conj/Fire      56%          4%          1
 Freeze                   Ice            56%          4%          1
 Shock                    Conj/Air       56%          4%          1
 Summon Small Mammal      Summ           56%          4%          1
 Wereblood                Tmut           17%          4%          2
 Call Imp                 Summ           14%          7%          2
 Poisonous Vapours        Pois/Air       28%          7%          2
 Searing Ray              Conj           28%          7%          2
 Slow                     Hex            14%          7%          2
 Bolt of Magma            Conj/Fire/Erth 22%          9%          5
 Spider Form              Tmut/Pois      7%           11%         3
 Ignite Poison            Fire/Tmut/Pois 15%          12%         3
 Conjure Flame            Conj/Fire      14%          13%         3
 Frozen Ramparts          Ice            28%          13%         3
 Inner Flame              Hex/Fire       14%          13%         3
 Mephitic Cloud           Conj/Pois/Air  14%          13%         3
 Ozocubu's Armour         Ice            14%          13%         3
 Portal Projectile        Hex/Tloc       28%          13%         3
 Static Discharge         Conj/Air       14%          13%         3
 Summon Guardian Golem    Hex/Summ       14%          13%         3
 Ice Form                 Ice/Tmut       15%          36%         4
 Airstrike                Air            7%           41%         4
 Cause Fear               Hex            7%           41%         4
 Hailstorm                Conj/Ice       14%          41%         4
 Olgreb's Toxic Radiance  Pois           14%          41%         4
 Sticky Flame             Conj/Fire      14%          41%         4
 Summon Ice Beast         Ice/Summ       14%          41%         4
 Irradiate                Conj/Tmut      7%           71%         5
 Lightning Bolt           Conj/Air       7%           77%         5
 Metabolic Englaciation   Hex/Ice        7%           77%         5
 Silence                  Hex/Air        7%           77%         5
 Summon Forest            Summ/Tloc      7%           77%         5
 Hydra Form               Tmut           8%           99%         6
 Conjure Ball Lightning   Conj/Air       7%           100%        6
 Ozocubu's Refrigeration  Ice            7%           100%        6
 Shadow Creatures         Summ           N/A          100%        6
 Dragon Form              Tmut           8%           100%        7
 Haunt                    Necr/Summ      7%           100%        7
 Monstrous Menagerie      Summ           7%           100%        7
 Spellforged Servitor     Conj/Summ      7%           100%        7
 Summon Greater Demon     Summ           7%           100%        7
 Borgnjor's Revivificati  Necr           7%           100%        8
 Chain Lightning          Conj/Air       7%           100%        8
 Ignition                 Fire           7%           100%        8
 Infestation              Necr           7%           100%        8
 Necromutation            Tmut/Necr      7%           100%        8
 Death's Door             Necr           7%           100%        9
 Dragon's Call            Summ           7%           100%        9


Dungeon Overview and Level Annotations

Branches:
Dungeon (1/1)

Altars:
Ashenzari
Cheibriados
Dithmenos
Elyvilon
Fedhas
Gozag
Hepliaklqana
Kikubaaqudgha
Makhleb
Nemelex Xobeh
Okawaru
Qazlal
Ru
Sif Muna
Trog
Uskayaw
Vehumet
Wu Jian
Xom
Yredelemnul
Zin
The Shining One
Beogh
Jiyva
Lugonu


Innate Abilities, Weirdness & Mutations

You are resistant to torment.
Your stone body is resilient. (AC +8)
You are immune to poison.
You resist negative energy. (rN+)
You are resistant to electric shocks. (rElec)
You can survive without breathing.
You are immune to petrification.
You are immune to miasma.


Message History

The Tzitzimitl drains your vigour!
You feel yourself slow down.
The Tzitzimitl bites you but does no damage.
The vampire hits you but does no damage.
The vampire completely misses you.
Unknown command.
You barely miss the Tzitzimitl. The necromancer completely misses you.
The lich barely misses you. The vampire completely misses you.
The vampire barely misses you.
The necromancer hits you but does no damage.
The Tzitzimitl calls on the powers of darkness!
The necromancer convulses!
Your body is wracked with pain!
* * * LOW HITPOINT WARNING * * *
The necromancer convulses! x2; The cacodemon completely misses you.
The cacodemon hits you!
* * * LOW HITPOINT WARNING * * *
The vampire hits you but does no damage.
The vampire barely misses you.
You barely miss the Tzitzimitl. The necromancer misses you.
The lich touches you.
You die...

▓.▓....▓.▓.
...}![:[...▓...©....▓.
...........▓▓▓▓▓▓▓▓▓▓▓
.....).)...▓...8©8...▓
...........▓....[....▓
.....Vn....▓....[)...▓
..▓.VnVZ▓..▓.........▓
▓.▓pVp▓.▓ ▓.........▓
..▓.L@1p▓..▓.........▓
....2©V....▓....÷....▓
▓▓▓▓▓▓▓▓▓▓▓▓.▓..÷÷.▓.▓
▓....8©8....▓....©....▓
▓3.[}|[}="..▓▓▓▓▓▓▓▓▓▓▓
▓...[)::)...▓...8©8...▓
▓...........▓..)."[...▓
▓.....24....▓.....}...▓
▓.§4...44...▓.........▓


You could see a Tzitzimitl (summoned), a cacodemon (summoned), a lich, a vampire
mage (invisible), 3 necromancers, 4 vampires, 2 necrophages and an adder zombie.

Vanquished Creatures
  A hydra (D)
  Erica (D)
  A soul eater (D)
  2 skeletal warriors (D)
  A spriggan druid (D)
  2 komodo dragons (D)
  2 freezing wraiths (D)
  2 ice devils (D)
  A hornet (shapeshifter) (D)
  A flying skull (D)
  An ushabti (D)
  2 spriggans (D)
  2 shadows (D)
  A wraith (D)
  2 yaks (D)
  A basilisk (shapeshifter) (D)
  A naga (shapeshifter) (D)
  2 black bears (D)
  A necrophage (D)
  4 ice beasts (D)
  A phantom (D)
  A boggart (shapeshifter) (D)
  5 wolves (D)
  Dowan (D)
  2 wights (D)
  3 orc priests (D)
  4 iguanas (D)
  4 mummies (D)
  A river rat (D)
  An adder skeleton (D)
  An adder zombie (D)
  3 orcs (D)
  6 bat skeletons (D)
  A bat zombie (D)
  2 jackals (D)
  A ball python skeleton (D)
  A jackal skeleton (D)
69 creatures vanquished.

Vanquished Creatures (collateral kills)
  Sigmund (D)
  A spriggan (D)
  Edmund (D)
  Duvessa (D)
  A black bear (D)
  A wolf (D)
  Blork the orc (D)
  Crazy Yiuf (D)
  Jessica (D)
9 creatures vanquished.

Grand Total: 78 creatures vanquished

Notes
Turn   | Place    | Note
-------+----------+-------------------------------------------
     0 | D        | Zeld the Gargoyle Earth Elementalist began the quest for
                  | the Orb.
     0 | D        | Reached XP level 1. HP: 10/10 MP: 3/3
     2 | D        | Found a blossoming altar of Fedhas.
     3 | D        | Found the +6 Majin-Bo {vamp, MP+6 Int+6}
     3 | D        | Found the +9 heavy crossbow "Sniper" {vorpal, Acc+∞ SInv}
     3 | D        | Found the +10 dark maul {vorpal}
     3 | D        | Found the +15 Maxwell's patent armour {-Cast -Tele rElec
                  | Will+ rCorr}
     3 | D        | Found the +18 shield of the Gong {rElec rN+ Will+ EV-5}
     3 | D        | Found the cursed +14 obsidian axe {vorpal, +Fly SInv
                  | *Curse}
     3 | D        | Found the +7 great mace "Firestarter" {inner flame, rF++}
     3 | D        | Found the +6 shillelagh "Devastator" {shatter}
     3 | D        | Found the +11 plutonium sword {*Contam Stlth-}
     3 | D        | Found the +8 lance "Wyrmbane" {slay drac, rPois rF+ rC+
                  | AC+3}
     3 | D        | Found the +9 sword of Zonguldrok {reap}
     3 | D        | Found the cursed +13 scythe of Curses {drain, *Curse}
     3 | D        | Found the +5 sword of Power {vorpal}
     3 | D        | Found the +7 mace of Variability {chain chaos}
     3 | D        | Found the +7 Singing Sword {vorpal, sonic wave}
     3 | D        | Found the +8 storm bow {elec, penet}
     5 | D        | Found a shimmering blue altar of Sif Muna.
     5 | D        | Found a sacrificial altar of Ru.
     5 | D        | Found a bloodstained altar of Trog.
     5 | D        | Found a stormy altar of Qazlal.
     5 | D        | Found an iron altar of Okawaru.
     5 | D        | Found a sparkling altar of Nemelex Xobeh.
     7 | D        | Found a transporter.
     7 | D        | Found an ancient bone altar of Kikubaaqudgha.
     7 | D        | Found a viscous altar of Jiyva.
     7 | D        | Found a corrupted altar of Lugonu.
     7 | D        | Found a hazy altar of Hepliaklqana.
     7 | D        | Found a burning altar of Makhleb.
     7 | D        | Found an opulent altar of Gozag.
    17 | D        | Reached skill level 7 in Earth Magic
    17 | D        | Reached XP level 2. HP: 15/15 MP: 3/6
    21 | D        | Learned a level 2 spell: Passwall
   161 | D        | Became a worshipper of Sif Muna the Loreminder
   186 | D        | Entered arena 2.
   186 | D        | Noticed a wight
   186 | D        | Found a transporter.
   189 | D        | Killed a wight
   190 | D        | Reached skill level 8 in Earth Magic
   190 | D        | Reached XP level 3. HP: 19/19 MP: 6/8
   194 | D        | Learned a level 3 spell: Stone Arrow
   233 | D        | Entered arena 3.
   233 | D        | Noticed a yak
   233 | D        | Noticed a wolf
   233 | D        | Found a transporter.
   235 | D        | Killed a wolf
   235 | D        | Reached * piety under Sif Muna
   236 | D        | Reached skill level 5 in Spellcasting
   236 | D        | Reached skill level 9 in Earth Magic
   236 | D        | Reached XP level 4. HP: 24/24 MP: 9/11
   236 | D        | Reached XP level 5. HP: 28/28 MP: 9/12
   237 | D        | Killed a yak
   238 | D        | Reached skill level 5 in Dodging
   238 | D        | Reached skill level 11 in Earth Magic
   238 | D        | Reached XP level 6. HP: 32/32 MP: 10/15
   243 | D        | Learned a level 4 spell: Petrify
   249 | D        | Learned a level 5 spell: Lee's Rapid Deconstruction
   468 | D        | Entered arena 4.
   468 | D        | Noticed a necrophage
   468 | D        | Noticed a phantom
   468 | D        | Found a transporter.
   469 | D        | Reached ** piety under Sif Muna
   487 | D        | Killed a necrophage
   488 | D        | Reached skill level 12 in Earth Magic
   522 | D        | Killed a phantom
   522 | D        | Reached *** piety under Sif Muna
   523 | D        | Reached XP level 7. HP: 12/36 MP: 0/17
   629 | D        | Got Pudonit's Grimoire of Twisted Summoning
   797 | D        | Entered arena 5.
   797 | D        | Noticed a naga
   797 | D        | Noticed a basilisk
   797 | D        | Noticed a hornet
   797 | D        | Found a transporter.
   800 | D        | Killed a basilisk
   800 | D        | Killed a naga
   800 | D        | Killed a hornet
   800 | D        | Reached **** piety under Sif Muna
   801 | D        | Reached skill level 13 in Earth Magic
   801 | D        | Reached XP level 8. HP: 28/41 MP: 17/19
   902 | D        | Entered arena 6.
   902 | D        | Noticed an ushabti
   902 | D        | Found a transporter.
   906 | D        | Killed an ushabti
   907 | D        | Reached skill level 14 in Earth Magic
   907 | D        | Reached ***** piety under Sif Muna
  1066 | D        | Entered arena 7.
  1066 | D        | Noticed a komodo dragon
  1067 | D        | Found the +8 whip "Snakebite" {curare, rPois}
  1069 | D        | Identified Siucuttu's Almanac of Hexes and Changing (Sif
                  | Muna gifted it to you in the Dungeon)
  1069 | D        | Received a gift from Sif Muna
  1070 | D        | Killed a komodo dragon
  1075 | D        | Found a transporter.
  1307 | D        | Entered arena 8.
  1308 | D        | Identified the +6 war axe of Kuysk {freeze, rF+ Str+3}
  1308 | D        | Found a transporter.
  1312 | D        | Identified Qaluniw's Volume of the Twisted Glacier (Sif
                  | Muna gifted it to you in the Dungeon)
  1312 | D        | Received a gift from Sif Muna
  1315 | D        | Reached XP level 9. HP: 21/45 MP: 3/21
  1560 | D        | Entered arena 9.
  1560 | D        | Noticed a komodo dragon
  1560 | D        | Noticed a four-headed hydra
  1564 | D        | Reached skill level 15 in Earth Magic
  1567 | D        | Killed a komodo dragon
  1567 | D        | Killed a four-headed hydra
  1567 | D        | Received a gift from Sif Muna
  1568 | D        | Reached skill level 16 in Earth Magic
  1568 | D        | Reached skill level 10 in Invocations
  1574 | D        | Found a transporter.
  1656 | D        | Got Kyikiu's Guide on Aerial Ignition
  1658 | D        | Got the Catalogue of Theory
  1910 | D        | Entered arena 10.
  1910 | D        | Noticed Sigmund
  1910 | D        | Noticed Jessica
  1910 | D        | Noticed Blork the orc
  1910 | D        | Noticed Crazy Yiuf
  1910 | D        | Noticed Dowan
  1910 | D        | Noticed Duvessa
  1910 | D        | Noticed Edmund
  1910 | D        | Noticed Erica
  1915 | D        | Killed Erica
  1916 | D        | Reached XP level 10. HP: 46/50 MP: 13/23
  1917 | D        | Killed Dowan
  1923 | D        | Paralysed by Crazy Yiuf for 7 turns
  1924 | D        | Killed Edmund
  1925 | D        | Killed Crazy Yiuf
  1928 | D        | HP: 2/75 [Duvessa/+0 short sword (5)]
  1928 | D        | Killed Sigmund
  1930 | D        | Killed Blork the orc
  1931 | D        | Reached skill level 10 in Spellcasting
  1932 | D        | Killed Duvessa
  1935 | D        | Killed Jessica
  1935 | D        | Identified Sif Muna's Handbook of Heat and Attacks (Sif
                  | Muna gifted it to you in the Dungeon)
  1935 | D        | Received a gift from Sif Muna
  2116 | D        | Found a transporter.
  2133 | D        | Got the amulet "Oppag" {Acrobat *Corrode rF+ Stlth+}
  2293 | D        | Entered arena 11.
  2293 | D        | Noticed a spriggan druid
  2294 | D        | Found the amulet of Vitality {Regen+ HP+15}
  2294 | D        | Identified the +4 war axe "Ocythriwk" {holy, rN+ Will+
                  | Dex-2}
  2297 | D        | Killed a spriggan druid
  2298 | D        | Reached skill level 17 in Earth Magic
  2309 | D        | Reached ****** piety under Sif Muna
  2310 | D        | Identified Sif Muna's Grimoire of the Volcanoes and Shape
                  | Shifting (Sif Muna gifted it to you in the Dungeon)
  2310 | D        | Received a gift from Sif Muna
  2312 | D        | Found a transporter.
  2529 | D        | Got the Catalogue of Slavery and Flames
  2737 | D        | Entered arena 12.
  2737 | D        | Noticed a soul eater
  2745 | D        | Killed a soul eater
  2745 | D        | Identified Myack's Disquisition on Shifting Creation (Sif
                  | Muna gifted it to you in the Dungeon)
  2745 | D        | Received a gift from Sif Muna
  2746 | D        | Reached skill level 18 in Earth Magic
  2747 | D        | Reached XP level 11. HP: 37/54 MP: 2/25
  2760 | D        | Found the +5 robe of Night {Dark Will+ SInv}
  2760 | D        | Found a transporter.
  2769 | D        | Got the ring "Osaasch" {rF+ Str+7 Dex-3 Slay+4}
  2773 | D        | Got Fentes's Almanac of Conjuration
  2776 | D        | Got the ring of Satisfaction {Will+ Str-4 Dex+5}
  2933 | D        | Entered arena 13.
  2935 | D        | Noticed a skeletal warrior
  2940 | D        | Killed a skeletal warrior
  2941 | D        | Reached skill level 10 in Dodging
  2942 | D        | Received a gift from Sif Muna
  3214 | D        | Found a transporter.
  3230 | D        | Got the ring "Xocvum" {rPois Will+ Str+4}
  3536 | D        | Entered arena 14.
  3540 | D        | Noticed Mofoafuf the pandemonium lord
  3540 | D        | Noticed Buledgh the pandemonium lord
  3540 | D        | Noticed Nuyc the pandemonium lord
  3540 | D        | Noticed a blizzard demon
  3547 | D        | Found a transporter.
  3549 | D        | Entered arena 15.
  3797 | D        | Noticed a necromancer
  3797 | D        | Noticed a lich
  3797 | D        | Noticed a skeletal warrior
  3797 | D        | Noticed a necromancer
  3798 | D        | Identified Sif Muna's Volume of Ashen Confrontation (Sif
                  | Muna gifted it to you in the Dungeon)
  3798 | D        | Received a gift from Sif Muna
  3798 | D        | Noticed a necromancer
  3799 | D        | Killed a skeletal warrior
  3799 | D        | Noticed a vampire mage
  3801 | D        | Noticed a Tzitzimitl
  3808 | D        | Noticed a cacodemon
  3810 | D        | HP: 4/100 [cacodemon[a lich] (9)]
  3811 | D        | Slain by a lich

Illustrated notes

Levels and vault maps discovered:
D:        sprint_v [room_start, room_1, room_2, room_3, room_4, room_5, room_6,
          room_7, room_8, room_9, room_10, room_11, room_12, room_13, room_14,
          room_15, room_16, room_17, room_18, room_19, room_20, room_21,
          room_22, room_23, room_24, room_25, room_26, room_27]

Skill      XL: |  1  2  3  4  5  6  7  8  9 10 11 |
---------------+----------------------------------+-----
Dodging        | 3 4 5 6 7 8 9 10 | 10.3
Spellcasting   | 3 4 5 6 7 8 9 10 11 | 11.3
Earth Magic    | 7 8 9 11 12 13 14 16 18 | 18.9
Invocations    | 2 6 8 11 13 14 | 14.5
Stealth        | |  2.1
Transmutations | |  0.7

Action                   |  1- 3 |  4- 6 |  7- 9 | 10-12 || total
-------------------------+-------+-------+-------+-------++-------
Melee: Unarmed           |       |    18 |       |    23 ||    41
 Cast: Sandblast         |       |     8 |     1 |     6 ||    15
       Stone Arrow       |       |     3 |    15 |    27 ||    45
       Lee's Rapid Decon |       |     1 |     3 |     9 ||    13
       Petrify           |       |       |       |     1 ||     1
Invok: Channel Magic     |       |       |       |     1 ||     1
Evoke: Lightning rod     |     5 |     2 |    15 |    10 ||    32
       Box of beasts     |       |       |       |     3 ||     3
       Phantom mirror    |       |       |       |     1 ||     1
  Use: Potion            |     1 |       |       |     5 ||     6
       Scroll            |       |       |       |     3 ||     3
Armor: Robe              |       |     6 |     1 |    48 ||    55
       Skin              |       |       |       |    22 ||    22
Dodge: Dodged            |       |    14 |     7 |   126 ||   147
